 Dungeon Crawl Stone Soup version 0.15-a0-35-ga771cbd (webtiles) character file.

260 4tharraofdagon the Sneak (level 5, -18/24 HPs)
             Began as a Spriggan Enchanter on Apr 2, 2014.
             Demolished by Prince Ribbit (19 damage)
             ... on Level 4 of the Dungeon.
             The game lasted 00:03:39 (473 turns).

4tharraofdagon the Sneak (Spriggan Enchanter)        Turns: 473, Time: 00:03:39

HP -18/24        AC  3     Str  5      XL: 5   Next: 63%
MP   6/16        EV 19     Int 16      God:
Gold 41          SH  0     Dex 17      Spells:  2 memorised,  7 levels left

rFire  . . .     SeeInvis +     a - +1 dagger
rCold  . . .     Clarity  .     b - +1 robe
rNeg   . . .     Conserve .     (shield restricted)
rPois  .         rCorr    .     (helmet restricted)
rElec  .         rRot     .     (no cloak)
SustAb . .       Spirit   .     (gloves unavailable)
rMut   .         Warding  .     (boots unavailable)
Saprov . . .     Stasis   .     (no amulet)
MR     .....                    (no ring)
                                (no ring)

@: very slightly contaminated, very quick, not resistant to hostile
enchantments, quite stealthy
A: unfitting armour, see invisible, herbivore 3, speed 3, slow metabolism 2
a: no special abilities


You were on level 4 of the Dungeon.
You were not hungry.

You visited 1 branch of the dungeon, and saw 5 of its levels.

You collected 41 gold pieces.

Inventory:

Hand weapons
 a - a +1,+1 dagger (weapon)
Missiles
 d - 17 darts (quivered)
Armour
 b - a +1 robe (worn)
Magical devices
 n - a wand of random effects (6)
Scrolls
 g - a scroll of immolation {unknown}
 h - a scroll of fear {unknown}
 l - a scroll of identify {unknown}
Potions
 e - a potion of porridge
 f - a potion of heal wounds {unknown}
 i - a potion of brilliance {unknown}
 j - a potion of lignification {unknown}
 k - a potion of degeneration {unknown}
 m - a potion of confusion {unknown}
Books
 c - a book of Maledictions

   Spells                             Type                      Level
   *Corona                            Hexes                        1
   Sure Blade                         Hexes/Charms                 2
   *Ensorcelled Hibernation           Hexes/Ice                    2
   Confuse                            Hexes                        3
   Enslavement                        Hexes                        4
   Invisibility                       Hexes                        6


   Skills:
 + Level 3.5 Short Blades
 - Level 1.1 Throwing
 - Level 3.4 Dodging
 * Level 6.0 Stealth
 - Level 3.0 Spellcasting
 + Level 4.9 Hexes


You had 7 spell levels left.
You knew the following spells:

 Your Spells              Type           Power        Failure   Level  Hunger
a - Corona                Hex            ###....      2%          1    #......
b - Ensorcelled Hibernat  Hex/Ice        ##....       12%         2    ##.....


Dungeon Overview and Level Annotations

Branches:
Dungeon (5/15)
 Temple: D:4-7

Altars:

Annotations:
D:4 Prince Ribbit


Innate Abilities, Weirdness & Mutations

You are tiny and cannot use many weapons and most armour.
You have supernaturally acute eyesight.
You are a herbivore.
You cover ground extremely quickly.
You need consume almost no food.


Message History

Unknown command!
Prince Ribbit casts a spell!
Prince Ribbit looks slightly unstable!
A kobold comes into view! It is wielding a dagger!
Evoke which item? (* to show all) (? for menu, Esc to quit)
Zapping:
n - a wand of random effects {zapped: 1}
Press: ? - help, Shift-Dir - straight line, f/p - Prince Ribbit
Aim: Prince Ribbit (severely wounded) Prince Ribbit flickers and vanishes for a moment!
The kobold moves out of view!
Evoke which item? (* to show all) (? for menu, Esc to quit)
Zapping:
n - a wand of random effects {zapped: 2}
Press: ? - help, Shift-Dir - straight line, f/p - Prince Ribbit
Aim: Prince Ribbit (severely wounded, slightly transparent) Prince Ribbit seems to speed up!
Prince Ribbit hits you!!!
Ouch!!!
That really hurt!!!
* * * LOW HITPOINT WARNING * * *
Prince Ribbit hits you!!!
Ouch!!!
That really hurt!!!
You die!!!

#.. #.# #.# #.# #.#
#.#
##.#######.####...
#..................
... #.##@# #
#.###.##F###.##..#
#.................
#.
#...............##
...##
####..######.#..#
#... #.....# # #
..!#..##.#
#.#.%##.#
##....##.#


You could see Prince Ribbit (invisible).

Vanquished Creatures
  A water moccasin (D:4)
  A crimson imp (D:5)
  An iguana (D:4)
  2 adders (D:4)
  3 gnolls (D:2)
  An orc skeleton (D:4)
  A hobgoblin (D:1)
  4 jackals (D:1)
  A ball python (D:3)
  2 bats (D:1)
  A giant newt (D:4)
  2 rats
  A rat skeleton (D:4)
21 creatures vanquished.

Notes
Turn   | Place    | Note
--------------------------------------------------------------
     0 | D:1      | 4tharraofdagon, the Spriggan Enchanter, began the quest for the Orb.
     0 | D:1      | Reached XP level 1. HP: 9/9 MP: 4/4
    97 | D:1      | Reached XP level 2. HP: 7/13 MP: 1/7
   104 | D:1      | Learned a level 2 spell: Ensorcelled Hibernation
   175 | D:2      | Reached XP level 3. HP: 12/16 MP: 1/10
   297 | D:4      | Reached skill level 4 in Hexes
   307 | D:4      | Reached XP level 4. HP: 18/21 MP: 3/13
   345 | D:5      | Entered Level 5 of the Dungeon
   407 | D:4      | Noticed a water moccasin
   415 | D:4      | Killed a water moccasin
   415 | D:4      | Reached skill level 6 in Stealth
   415 | D:4      | Reached XP level 5. HP: 19/24 MP: 12/16
   419 | D:4      | Noticed Prince Ribbit
   473 | D:4      | HP: 1/24 [Prince Ribbit (16)]
   473 | D:4      | Demolished by Prince Ribbit

Action                   |  1- 3 |  4- 6 || total
-------------------------+-------+-------++-------
Melee: Dagger            |    40 |    19 ||    59
Throw: Dart              |     6 |       ||     6
 Cast: Corona            |     7 |     1 ||     8
       Ensorcelled Hiber |     6 |     5 ||    11
Evoke: Wand              |       |     3 ||     3
 Stab: Sleeping          |     6 |     6 ||    12
